[Event "Late-Titled-Tuesday-Blitz-June-18-2024"]
[Site "Chess.com"]
[Date "2024.06.18"]
[Round "7"]
[White "Mikayel99"]
[Black "ClauAmura"]
[Result "1-0"]
[WhiteElo "2673"]
[BlackElo "2385"]
[TimeControl "180+1"]
[EndTime "15:15:34 PDT"]
[Termination "Mikayel99 won by resignation"]

1. e4 g6 2. d4 Bg7 3. Nf3 c6 4. h3 Nf6 5. Nc3 d5 6. e5 Ne4 7.
Bd3 Nxc3 8. bxc3 b6 9. c4 O-O 10. cxd5 cxd5 11. O-O Ba6 12. h4 f6 13. exf6 exf6 14.
h5 Bxd3 15. Qxd3 Qe8 16. Re1 Qf7 17. Ba3 Re8 18. Rxe8+ Qxe8 19. Re1 Qf7 20. Re7 Qf8 21. Rxa7 1-0

[Event "Late-Titled-Tuesday-Blitz-June-18-2024"]
[Site "Chess.com"]
[Date "2024.06.18"]
[Round "7"]
[White "ALRS-SPS"]
[Black "pompey831"]
[Result "1/2-1/2"]
[WhiteElo "2423"]
[BlackElo "2517"]
[TimeControl "180+1"]
[EndTime "15:15:35 PDT"]
[Termination "Game drawn by repetition"]

1. e4 e6 2. d4 d5 3. Nc3 Nf6 4. Bg5 dxe4 5. Nxe4 Nbd7 6. Nxf6+ Nxf6 7. Nf3 h6 8. Bh4 c5 9. Bb5+ Bd7 10. Bxd7+ Qxd7 11. Bxf6 gxf6 12. dxc5 Qxd1+ 13. Rxd1 Bxc5 14. O-O Rd8 15. g3 Ke7 16. Kg2 Rd5 17. Rxd5 exd5 18. Rd1 Ke6 19. Nd2 f5 20. Kf3 Rc8 21. Nb3 Bb6 22. c3 Rc4 23.
Re1+ Kf6 24. Nd2 Rc8 25. Nb3 Rc4 26. Nd2 Rc8 27. Nb3 Rc4 1/2-1/2

[Event "Late-Titled-Tuesday-Blitz-June-18-2024"]
[Site "Chess.com"]
[Date "2024.06.18"]
[Round "7"]
[White "JunjiCol"]
[Black "AlphaPerseii"]
[Result "1-0"]
[WhiteElo "2339"]
[BlackElo "2405"]
[TimeControl "180+1"]
[EndTime "15:15:45 PDT"]
[Termination "JunjiCol won by resignation"]

1. e4 e6 2. c4 c5 3. Nc3 Nc6 4. Nf3 g6 5. d4 cxd4 6. Nxd4 Bg7 7. Ndb5 Nge7 8. Bf4 e5 9. Nd6+ Kf8 10. Be3 Qa5 11. a3 Nd4 12. b4 Qc7 13. Ncb5 Qc6 14. Nxd4 exd4 15. Bxd4 a5 16. b5 Qc7 17. c5 Kg8 18. Bc4 1-0

[Event "Late-Titled-Tuesday-Blitz-June-18-2024"]
[Site "Chess.com"]
[Date "2024.06.18"]
[Round "7"]
[White "ChristopherYoo"]
[Black "i_like_explosions"]
[Result "1-0"]
[WhiteElo "2984"]
[BlackElo "2454"]
[TimeControl "180+1"]
[EndTime "15:15:48 PDT"]
[Termination "ChristopherYoo won by resignation"]

1. d4 Nf6 2. c4 g6 3. Nc3 Bg7 4. e4 d6 5. Nf3 O-O 6. Be2 e5 7. Be3 Nc6 8. d5 Ne7 9. Nd2 Nd7 10.
b4 f5 11. f3 f4 12. Bf2 c5 13. dxc6 Nxc6 14. Nb3 Nb6 15. c5 dxc5 16. bxc5 Nd7 17. Bc4+ Kh8 18. O-O Nf6 19. Nb5 Qe7 20. Qd6 Ne8 21.
Qxe7 Nxe7 22. Rad1 Nc6 23. Rd2 a6 24. Nd6 Nxd6 25.
cxd6 Bd7 26. Nc5 Rfd8 27. Bh4 b5 28. Bd5 1-0

[Event "Late-Titled-Tuesday-Blitz-June-18-2024"]
[Site "Chess.com"]
[Date "2024.06.18"]
[Round "7"]
[White "insatiable27"]
[Black "Barboval"]
[Result "0-1"]
[WhiteElo "2360"]
[BlackElo "2542"]
[TimeControl "180+1"]
[EndTime "15:16:09 PDT"]
[Termination "Barboval won by resignation"]

1. e4 Nf6 2. e5 Nd5 3. d4 d6 4.
Nf3 Bf5 5. Bd3 Bxd3 6. Qxd3 e6 7. O-O Nc6 8. c3 dxe5 9. dxe5 Nb6 10. Qe2 Qd5 11.
a4 Qc4 12. Qxc4 Nxc4 13. Bf4 Nxb2 14. Nbd2 Nd3 15. Bg3 h6 16. Rab1 O-O-O 17. Rfd1 g5 18. Ne4 Bg7 19. Rd2 Ndxe5 20. Nxe5 Bxe5 21. Bxe5 Nxe5 22.
Rdb2 b6 23. a5 Nc4 24. Rb4 Nxa5 25. c4 c5 26. Ra4 Rd4 27. Nxc5 Rxc4 28. Rxc4 Nxc4 29.
Ne4 Rd8 30. Rc1 Kb7 31. h4 b5 32. hxg5 hxg5 33. Nxg5 Rd7 34. Ne4 Kb6 35. Rb1 a5 36. Nc3 b4 37. Na4+ Kb5 38. Nb2 Nxb2 39. Rxb2 0-1

[Event "Late-Titled-Tuesday-Blitz-June-18-2024"]
[Site "Chess.com"]
[Date "2024.06.18"]
[Round "7"]
[White "szefru"]
[Black "duone"]
[Result "1-0"]
[WhiteElo "2346"]
[BlackElo "2417"]
[TimeControl "180+1"]
[EndTime "15:16:12 PDT"]
[Termination "szefru won by checkmate"]

1. e4 c5 2. Nf3 d6 3. d4 cxd4 4. Qxd4 Nf6 5. Nc3 e5 6. Bb5+ Bd7 7. Qd3 a6 8. Bxd7+ Nbxd7 9. Bg5 Be7 10. O-O-O O-O 11.
Kb1 h6 12. Bxf6 Nxf6 13. g4 Nxg4 14. Qe2 Nf6 15. Nxe5 Qa5 16. Ng4 Nxg4 17. Qxg4 Rac8 18. Nd5 Qd8 19. Qxc8 Qxc8 20. Nxe7+ Kh7 21. Nxc8 Rxc8 22. Rxd6 Re8 23. f3 Re5 24. b3 g5 25. Rd7 Kg6 26.
Rxb7 f5 27. exf5+ Rxf5 28. Rb6+ Kh5 29. Rxa6 Rxf3 30. Re6 g4 31. a4 Kg5 32. a5 h5 33.
a6 h4 34. a7 Rf8 35. Rb6 Ra8 36. Rb7 Kf4 37. Rf1+ Ke3 38. Rff7 g3 39. hxg3 hxg3 40. Rg7 Kf2 41. Rb8 Rxa7 42. Rxa7 g2 43. Rg7 g1=Q+ 44. Rxg1 Kxg1 45. Rf8 Kh1 46. c4 Kg1 47. c5 Kh1 48. c6 Kg2 49. c7 Kh1 50. c8=Q Kg2 51. b4 Kh1 52. b5 Kg2 53. b6 Kh1 54. b7 Kg2 55. Qg4+ Kh1 56. Rh8# 1-0

[Event "Late-Titled-Tuesday-Blitz-June-18-2024"]
[Site "Chess.com"]
[Date "2024.06.18"]
[Round "7"]
[White "ameetghasi100"]
[Black "santosalberto1987"]
[Result "1-0"]
[WhiteElo "2745"]
[BlackElo "2569"]
[TimeControl "180+1"]
[EndTime "15:16:13 PDT"]
[Termination "ameetghasi100 won by resignation"]

1. c4 c6 2. Nf3 d5 3. e3 Nf6 4.
d4 Bf5 5. Nc3 e6 6. Bd2 h6 7.
Rc1 Nbd7 8. h3 Bd6 9. Be2 O-O 10. O-O Qe7 11. Re1 Bh7 12. Bf1 dxc4 13. Bxc4 e5 14. e4 exd4 15. Nxd4 Rad8 16. Bf1 Bc5 17. Nb3 Bb6 18. Qc2 Ne5 19. Be3 Bxe3 20. Rxe3 Nfd7 21. f4 Ng6 22. Qf2 Nc5 23. Nxc5 Qxc5 24. g3 Rd7 25. Re2 Rfd8 26. Qxc5 1-0

[Event "Late-Titled-Tuesday-Blitz-June-18-2024"]
[Site "Chess.com"]
[Date "2024.06.18"]
[Round "7"]
[White "McCarthyStone"]
[Black "Bala-Afiada"]
[Result "1-0"]
[WhiteElo "2527"]
[BlackElo "2050"]
[TimeControl "180+1"]
[EndTime "15:16:16 PDT"]
[Termination "McCarthyStone won by checkmate"]

1. e4 c5 2. c3 Nf6 3. e5 Nd5 4. d4 cxd4 5. Nf3 d6 6. exd6 Qxd6 7. Nxd4 a6 8. Na3 Nc6 9. Be2 e5 10. Ndb5 axb5 11. Nxb5 Qd8 12. Qxd5 Qxd5 13. Nc7+ Kd8 14. Nxd5 Be6 15. Nb6 Rb8 16. Be3 Kc7 17. O-O-O Be7 18. Bc4 Bxc4 19. Rd7# 1-0

[Event "Late-Titled-Tuesday-Blitz-June-18-2024"]
[Site "Chess.com"]
[Date "2024.06.18"]
[Round "7"]
[White "BerlinDrawer"]
[Black "Losingexperience"]
[Result "0-1"]
[WhiteElo "2584"]
[BlackElo "2745"]
[TimeControl "180+1"]
[EndTime "15:16:22 PDT"]
[Termination "Losingexperience won by resignation"]

1. d4 Nf6 2. Nf3 g6 3. c4 Bg7 4. Nc3 O-O 5. Bg5 d6 6. e3 c5 7. Be2 h6 8. Bh4 cxd4 9. exd4 d5 10. c5 Nc6 11. O-O Ne4 12. Bb5 Bg4 13. Bxc6 bxc6 14.
Re1 f5 15. h3 Bxf3 16. gxf3 Nxc3 17. bxc3 g5 18. Bg3 f4 19. Bh2 Qd7 20. Qe2 Qxh3 21. Qe6+ Qxe6 22. Rxe6 Rac8 23. Rxe7 Rf7 24. Rxf7 Kxf7 25.
Rb1 Rc7 26. Kf1 Bf6 27. Ke2 Ke6 28. Kd3 Kd7 29. Bg1 Kc8 30. a4 Rb7 31. Rb4 Rxb4 32.
cxb4 a6 33. Bh2 Kd7 34. Bg1 Bd8 35. Bh2 Ke6 0-1

[Event "Late-Titled-Tuesday-Blitz-June-18-2024"]
[Site "Chess.com"]
[Date "2024.06.18"]
[Round "7"]
[White "yaguigor"]
[Black "ChessSG1"]
[Result "1-0"]
[WhiteElo "2647"]
[BlackElo "2496"]
[TimeControl "180+1"]
[EndTime "15:16:24 PDT"]
[Termination "yaguigor won by resignation"]

1. Nf3 c5 2. e4 g6 3. d4 cxd4 4. Nxd4 Nc6 5. c4 Nf6 6. Nc3 d6 7. Be2 Nxd4 8. Qxd4 Bg7 9. Be3 O-O 10. Qd2 a5 11. f3 a4 12. Kf2 Qa5 13. Rac1 Be6 14.
Nd5 Qxd2 15. Nxe7+ Kh8 16. Bxd2 Rfe8 17. Nd5 Nxd5 18.
cxd5 Bxb2 19. dxe6 Bxc1 20. Rxc1 Re7 21. exf7 Kg7 22. Bc4 Rc8 23. Bd5 Rxc1 24. Bxc1 b5 25. Bh6+ 1-0

[Event "Late-Titled-Tuesday-Blitz-June-18-2024"]
[Site "Chess.com"]
[Date "2024.06.18"]
[Round "7"]
[White "Evan_Attaker"]
[Black "WilsonPalencia21"]
[Result "1-0"]
[WhiteElo "2753"]
[BlackElo "2603"]
[TimeControl "180+1"]
[EndTime "15:16:33 PDT"]
[Termination "Evan_Attaker won by resignation"]

1. a3 g6 2. h4 h5 3. c4 Bg7 4.
e3 d6 5. Nf3 Nc6 6. Be2 e5 7. d3 Nf6 8. Nc3 Be6 9. Qc2 d5 10. cxd5 Nxd5 11. Ng5 Qe7 12. Bf3 Nxc3 13. Bxc6+ bxc6 14. Qxc3 O-O 15. Qxc6 Bd7 16. Qc4 Bf6 17. e4 Rab8 18. O-O Bb5 19. Qc2 Rfd8 20. Rd1 Qd7 21. Be3 Ba4 22. Qc3 Bxd1 23. Rxd1 Qb5 24. b4 Rd7 25.
Bxa7 Rbd8 26. Be3 Rxd3 27. Rxd3 Qxd3 28. Qxc7 Rd7 29. Qb8+ Rd8 30. Qb7 Rd7 31. Qc8+ Rd8 32. Qc6 Rd6 33. Qe8+ 1-0

[Event "Late-Titled-Tuesday-Blitz-June-18-2024"]
[Site "Chess.com"]
[Date "2024.06.18"]
[Round "7"]
[White "AlexanderMatlak"]
[Black "jero888"]
[Result "1-0"]
[WhiteElo "2454"]
[BlackElo "2330"]
[TimeControl "180+1"]
[EndTime "15:16:42 PDT"]
[Termination "AlexanderMatlak won by resignation"]

1. c4 c5 2. Nf3 g6 3. Nc3 Bg7 4.
g3 Nc6 5. Bg2 d6 6. O-O e6 7. a3 Nge7 8. b4 Nxb4 9. axb4 cxb4 10. Bb2 bxc3 11. Bxc3 O-O 12. Bxg7 Kxg7 13. Qb3 Bd7 14. Nd4 Nc6 15. Nb5 Qb8 16. Qa3 a6 17. Nxd6 Nd4 18. e3 Nc2 19. Qc3+ e5 20. Qxe5+ f6 21.
Qe7+ 1-0

[Event "Late-Titled-Tuesday-Blitz-June-18-2024"]
[Site "Chess.com"]
[Date "2024.06.18"]
[Round "7"]
[White "Kombinator01"]
[Black "ozates"]
[Result "1-0"]
[WhiteElo "2470"]
[BlackElo "2625"]
[TimeControl "180+1"]
[EndTime "15:16:44 PDT"]
[Termination "Kombinator01 won by resignation"]

1. d4 d5 2. Bf4 c5 3. e3 Nc6 4.
Nf3 Nf6 5. Nbd2 cxd4 6. exd4 Bg4 7. c3 e6 8. h3 Bh5 9. Bd3 Bd6 10. Bxd6 Qxd6 11.
O-O O-O 12. Qb3 Rab8 13. Rfe1 b5 14. Ne5 Nd7 15. Nxc6 Qxc6 16. a3 a5 17. Qc2 Bg6 18. Bxg6 hxg6 19. Qd3 Rfc8 20. Rac1 b4 21. axb4 axb4 22.
Qg3 bxc3 23. bxc3 Rb2 24. Nf3 Ra8 25. Ne5 Nxe5 26. Qxe5 Raa2 27. Rf1 Rc2 28. Qb8+ Kh7 29. Qd8 f6 30. Rb1 Ra8 31. Qe7 Rxc3 32. Rb7 Rg8 33. Rd7 Rc1 34. g3 Rc4 35. Qxf6 1-0

[Event "Late-Titled-Tuesday-Blitz-June-18-2024"]
[Site "Chess.com"]
[Date "2024.06.18"]
[Round "7"]
[White "Jimonios"]
[Black "pouya21"]
[Result "0-1"]
[WhiteElo "2645"]
[BlackElo "2818"]
[TimeControl "180+1"]
[EndTime "15:16:56 PDT"]
[Termination "pouya21 won by resignation"]

1. e4 c6 2. d4 d5 3. exd5 cxd5 4. Bd3 Nf6 5. c3 Bg4 6. Qb3 Qc7 7. Ne2 Bxe2 8. Bxe2 e6 9. Bf4 Qxf4 10. Qxb7 Qc1+ 11. Bd1 Bd6 12. O-O O-O 13. g3 Nbd7 14. Ba4 Rab8 15. Qxd7 Qxf1+ 16. Kxf1 Nxd7 17. Bxd7 Rxb2 18. Ba4 Rfb8 19.
Bb3 a5 20. Ke1 a4 21. Nd2 axb3 22. axb3 Rc2 23. c4 0-1

[Event "Late-Titled-Tuesday-Blitz-June-18-2024"]
[Site "Chess.com"]
[Date "2024.06.18"]
[Round "7"]
[White "PapaieDudu"]
[Black "fabianvivasz"]
[Result "1-0"]
[WhiteElo "2374"]
[BlackElo "2471"]
[TimeControl "180+1"]
[EndTime "15:16:56 PDT"]
[Termination "PapaieDudu won by resignation"]

1. Nf3 d5 2. d4 Nf6 3. c4 c6 4.
Nc3 e6 5. Bg5 Nbd7 6. e3 Qa5 7.
Nd2 Bb4 8. Qc2 dxc4 9. Bxf6 Nxf6 10. Nxc4 Qc7 11. a3 Be7 12. Bd3 O-O 13. O-O c5 14. dxc5 Qxc5 15. Rac1 Qh5 16. h3 b6 17. Be2 Qh6 18. Bf3 Rb8 19. Ne5 Bb7 20. Bxb7 Rxb7 21.
Nb5 Nd5 22. Qc6 Rbb8 23. Nxa7 Nxe3 24. Rfe1 Nf5 25. Nd7 Nd4 26. Qe4 Bf6 27. Nxb8 Rxb8 28. Nc6 Nxc6 29. Qxc6 Qg6 30. Qc8+ 1-0

[Event "Late-Titled-Tuesday-Blitz-June-18-2024"]
[Site "Chess.com"]
[Date "2024.06.18"]
[Round "7"]
[White "teresin05"]
[Black "maurovargas01"]
[Result "1-0"]
[WhiteElo "2267"]
[BlackElo "1952"]
[TimeControl "180+1"]
[EndTime "15:16:56 PDT"]
[Termination "teresin05 won by checkmate"]

1. e4 c6 2. d4 d5 3. Nc3 dxe4 4.
Nxe4 Nf6 5. Nxf6+ exf6 6. Bc4 Bd6 7. Qe2+ Be7 8. c3 O-O 9. Nf3 Re8 10. O-O Nd7 11.
Bf4 Nf8 12. Qc2 Ng6 13. Bg3 f5 14. Ne5 f4 15. Nxf7 Qc7 16. Ne5+ Kh8 17. Nxg6+ hxg6 18. Qxg6 Bg4 19. Qxg4 g5 20. Rae1 fxg3 21. Qh5+ Kg7 22.
fxg3 Qd6 23. Rf7+ Kg8 24. Qh7# 1-0

[Event "Late-Titled-Tuesday-Blitz-June-18-2024"]
[Site "Chess.com"]
[Date "2024.06.18"]
[Round "7"]
[White "campochess"]
[Black "scrambleyourbrain"]
[Result "0-1"]
[WhiteElo "2193"]
[BlackElo "2397"]
[TimeControl "180+1"]
[EndTime "15:17:01 PDT"]
[Termination "scrambleyourbrain won by resignation"]

1. d4 Nf6 2. Bg5 d5 3. Nd2 e6 4. e3 Be7 5. Bd3 c5 6. c3 cxd4 7. exd4 Nc6 8. Ngf3 h6 9. Bh4 O-O 10. O-O Rb8 11. Bg3 Bd6 12. Re1 b5 13. Ne5 Bxe5 14.
dxe5 Nd7 15. Nf3 b4 16. c4 Nc5 17. cxd5 Qxd5 18. Be4 Nxe4 19. Qc2 Nxg3 20. Rad1 Qb5 21.
hxg3 Bb7 22. Rd6 Rbc8 23. Qd2 Rfd8 24. Qf4 Ne7 25. Red1 Nd5 26. Qh4 Rxd6 27. exd6 Qd7 28. Qd4 Qxd6 29. Qxa7 Qb6 30. Qa4 Bc6 31. Qb3 Bb5 32. Nd4 Bc4 33. Qf3 Nf6 34. b3 Bd5 35. Qe2 Ne4 36. Nf3 Nc3 37. Qd2 Nxd1 38.
Qxd1 Qc5 39. Kh2 Qc2 40. Qd4 Qxa2 41. Ne5 Qxb3 42. Ng4 Qc3 43. Qf4 Qc4 0-1

[Event "Late-Titled-Tuesday-Blitz-June-18-2024"]
[Site "Chess.com"]
[Date "2024.06.18"]
[Round "7"]
[White "Chessdreamer2020"]
[Black "Laico"]
[Result "0-1"]
[WhiteElo "2560"]
[BlackElo "2454"]
[TimeControl "180+1"]
[EndTime "15:17:05 PDT"]
[Termination "Laico won on time"]

1. e4 e6 2. d4 d5 3. Nd2 Nf6 4. e5 Nfd7 5. c3 c5 6. Bd3 Nc6 7. Ne2 cxd4 8. cxd4 f6 9. Nf4 Nxd4 10. Qh5+ Ke7 11.
exf6+ Nxf6 12. Ng6+ hxg6 13. Qxh8 Kf7 14. O-O e5 15.
Nb3 Nxb3 16. axb3 Nh5 17. Be2 Qh4 18. Ra4 e4 19. f3 Bf5 20. Be3 Re8 21. fxe4 Rxe4 22.
Rxe4 Qxe4 23. Rf3 d4 0-1

[Event "Late-Titled-Tuesday-Blitz-June-18-2024"]
[Site "Chess.com"]
[Date "2024.06.18"]
[Round "7"]
[White "King_Deded4d5"]
[Black "secretworker2027"]
[Result "1-0"]
[WhiteElo "2516"]
[BlackElo "2665"]
[TimeControl "180+1"]
[EndTime "15:17:06 PDT"]
[Termination "King_Deded4d5 won by resignation"]

1. d4 Nf6 2. Nf3 d5 3. c3 Bf5 4. Qb3 Qc8 5. c4 e6 6. cxd5 exd5 7. Nc3 c6 8. Bf4 Nbd7 9. Rc1 Be7 10. h3 O-O 11. e3 Ne4 12. Nxd5 cxd5 13. Rxc8 Raxc8 14. Be2 Rc1+ 15. Bd1 g5 16. Bh2 Nec5 17. dxc5 Nxc5 18.
Qxd5 Rd8 19. Qxf5 Rcxd1+ 20. Ke2 Rxh1 21. Nxg5 1-0

[Event "Late-Titled-Tuesday-Blitz-June-18-2024"]
[Site "Chess.com"]
[Date "2024.06.18"]
[Round "7"]
[White "romulocardoso"]
[Black "SocoLoco"]
[Result "1-0"]
[WhiteElo "2318"]
[BlackElo "2168"]
[TimeControl "180+1"]
[EndTime "15:17:10 PDT"]
[Termination "romulocardoso won by resignation"]

1. e4 c5 2. Nf3 e6 3. d4 cxd4 4.
Nxd4 Nf6 5. Bd3 Nc6 6. Nxc6 bxc6 7. O-O d5 8. e5 Nd7 9. Re1 Qc7 10. Bf4 g5 11. Bg3 h5 12. h3 Bg7 13. Qe2 Rb8 14. b3 Nc5 15. Nd2 Qb6 16. Qe3 Nxd3 17. cxd3 Qxe3 18. Rxe3 Ba6 19. d4 Rb4 20. Nf3 g4 21. a3 Rb7 22. hxg4 hxg4 23. Nh2 Kd7 24.
Nxg4 Rg8 25. Rf3 Ke7 26. Bh4+ Ke8 27. Bf6 Kf8 28. Rc1 Rb6 29. Bd8 Rb8 30. Bc7 Rc8 31.
Rxc6 Ke8 32. Rfc3 Kd7 33. Rxa6 Rxc7 34. Rxc7+ Kxc7 35. Rxa7+ Kb6 36. Rxf7 Bf8 37. Nf6 Rh8 38. Rxf8 Rh4 39. g4 1-0

[Event "Late-Titled-Tuesday-Blitz-June-18-2024"]
[Site "Chess.com"]
[Date "2024.06.18"]
[Round "7"]
[White "kalxandria"]
[Black "LidongW"]
[Result "0-1"]
[WhiteElo "2238"]
[BlackElo "2344"]
[TimeControl "180+1"]
[EndTime "15:17:12 PDT"]
[Termination "LidongW won by resignation"]

1. e4 e6 2. d4 d5 3. Nc3 Nf6 4.
e5 Nfd7 5. f4 c5 6. Nf3 Nc6 7.
Be3 a6 8. Qd2 b5 9. dxc5 Bxc5 10. Bxc5 Nxc5 11. Bd3 Qb6 12. O-O-O b4 13. Ne2 a5 14.
Ned4 Ba6 15. Bxa6 Qxa6 16. Nxc6 Qxc6 17. Nd4 Qb6 18. Kb1 a4 19. f5 Ne4 20. Qe3 a3 21.
fxe6 fxe6 22. Nf5 Qxe3 23. Nxe3 axb2 24. Kxb2 Nf2 25. Rhf1 Nxd1+ 26. Rxd1 Ke7 27. Rd4 Ra3 28. Nd1 Rha8 29. Rxb4 Rxa2+ 30. Kc3 Rc8+ 31. Kd3 Rcxc2 32. Rb7+ Kf8 33. Ne3 Rd2+ 34. Kc3 d4+ 0-1

[Event "Late-Titled-Tuesday-Blitz-June-18-2024"]
[Site "Chess.com"]
[Date "2024.06.18"]
[Round "7"]
[White "JanistanTV"]
[Black "th3d4rkness"]
[Result "1-0"]
[WhiteElo "2752"]
[BlackElo "2226"]
[TimeControl "180+1"]
[EndTime "15:17:15 PDT"]
[Termination "JanistanTV won by resignation"]

1. e4 c5 2. Nf3 Nc6 3. Nc3 a6 4. g3 g6 5. d4 cxd4 6. Nxd4 Bg7 7. Be3 Nf6 8. Nxc6 bxc6 9. e5 Ng4 10. Qxg4 Bxe5 11.
Bd4 Qc7 12. Bxe5 Qxe5+ 13. Qe4 Qa5 14. Bd3 d5 15. Qa4 Qc5 16. O-O O-O 17. Qa3 Qa7 18.
Na4 e5 19. Qc5 Qc7 20. Rfe1 e4 21. Bf1 Rb8 22. c4 Be6 23. cxd5 Bxd5 24. Nc3 Qe5 25.
Rxe4 Qh5 26. Nxd5 cxd5 27. Rb4 Rbc8 28. Qd4 Rfe8 29. Rb3 Re4 30. Qd1 Qe5 31. Qd2 Re8 32. Rd3 d4 33. Rd1 h5 34. Rxd4 Rxd4 35. Qxd4 Qa5 36. a3 1-0

[Event "Late-Titled-Tuesday-Blitz-June-18-2024"]
[Site "Chess.com"]
[Date "2024.06.18"]
[Round "7"]
[White "schondeln"]
[Black "GMChessrob"]
[Result "0-1"]
[WhiteElo "2360"]
[BlackElo "2645"]
[TimeControl "180+1"]
[EndTime "15:17:15 PDT"]
[Termination "GMChessrob won by resignation"]

1. e4 e5 2. Nf3 Nc6 3. Nc3 Nf6 4. d4 exd4 5. Nxd4 Bb4 6. Nxc6 bxc6 7. Bd3 d5 8. exd5 cxd5 9. O-O O-O 10. h3 c6 11. Qf3 Bd6 12. Bf4 Rb8 13. b3 Re8 14. Rfe1 Be6 15. Rad1 Bxf4 16. Qxf4 h6 17. Ne2 c5 18. Bf5 Bxf5 19. Qxf5 Qa5 20. a4 Re4 21. f3 Re3 22. Kf2 Rbe8 23. c3 c4 24. bxc4 Qxa4 25. Qb1 Qxc4 26. Qc1 Rxe2+ 0-1

[Event "Late-Titled-Tuesday-Blitz-June-18-2024"]
[Site "Chess.com"]
[Date "2024.06.18"]
[Round "7"]
[White "Jospem"]
[Black "AlexeiShirov"]
[Result "1/2-1/2"]
[WhiteElo "3055"]
[BlackElo "2865"]
[TimeControl "180+1"]
[EndTime "15:17:17 PDT"]
[Termination "Game drawn by repetition"]

1. e4 e5 2. Nf3 Nc6 3. Nc3 Nf6 4. g3 d5 5. exd5 Nxd5 6. Bg2 Nxc3 7. bxc3 Bd6 8. O-O O-O 9. d4 Bg4 10. Qd3 Qf6 11. Ng5 Qg6 12. Qxg6 hxg6 13. Be3 Na5 14. Rab1 Rab8 15. dxe5 Bxe5 16. Bxa7 Ra8 17. Bd4 Bd6 18. Ne4 Nc4 19. Nxd6 Nxd6 20. Rb2 Ra5 21. Re1 Be6 22. h4 b6 23. Bc6 Nc4 24. Rb4 Na3 25. Rb2 Nc4 26. Rb4 Na3 27. Rb2 Nc4 1/2-1/2

[Event "Late-Titled-Tuesday-Blitz-June-18-2024"]
[Site "Chess.com"]
[Date "2024.06.18"]
[Round "7"]
[White "edgarhay012"]
[Black "harshu27"]
[Result "1-0"]
[WhiteElo "2718"]
[BlackElo "2556"]
[TimeControl "180+1"]
[EndTime "15:17:26 PDT"]
[Termination "edgarhay012 won by resignation"]

1. e4 c5 2. Nc3 d6 3. d4 cxd4 4. Qxd4 Nc6 5. Qd2 g6 6. b3 Bg7 7.
Bb2 Nf6 8. O-O-O a6 9. f3 b5 10.
g4 Bb7 11. Kb1 O-O 12. h4 h5 13. gxh5 Nxh5 14. Nge2 b4 15. Nd5 Bxb2 16. Kxb2 e6 17. Nxb4 Qf6+ 18. Kb1 a5 19. Nxc6 Bxc6 20. Nd4 Bd7 21.
Qg5 Kg7 22. Rg1 a4 23. Qxh5 axb3 24. cxb3 Qf4 25. Qg5 Qh2 26. Rg2 Qh3 27. Qd2 e5 28. Rxg6+ fxg6 29. Bxh3 Bxh3 30. Nc2 1-0

[Event "Late-Titled-Tuesday-Blitz-June-18-2024"]
[Site "Chess.com"]
[Date "2024.06.18"]
[Round "7"]
[White "Connectedcloud"]
[Black "Roland_Garros_2024"]
[Result "0-1"]
[WhiteElo "2317"]
[BlackElo "2217"]
[TimeControl "180+1"]
[EndTime "15:17:27 PDT"]
[Termination "Roland_Garros_2024 won by resignation"]

1. e4 c5 2. Nf3 d6 3. d4 cxd4 4.
Nxd4 Nf6 5. Nc3 a6 6. Be2 e5 7.
Nb3 Be7 8. O-O O-O 9. Be3 Be6 10.
Qd2 Nbd7 11. a4 Rc8 12. a5 Ng4 13. Bxg4 Bxg4 14. Nd5 Be6 15. Nxe7+ Qxe7 16. Rad1 Rc6 17. c3 Bxb3 18. Kh1 Bxd1 19. Rxd1 h6 20. Qd5 Nf6 21. Qd3 Rd8 22. c4 Rdc8 23. b3 Qe6 24. f3 Nh5 25.
Qd2 Qf6 26. Kg1 Nf4 27. Kh1 Ne6 28. Qd5 Nd4 29. Bxd4 exd4 30. Rxd4 Qe5 31. Qxe5 dxe5 32. Rd7 R8c7 33. Rd5 Rc5 34. Kg1 Rxd5 35. exd5 Kf8 36. Kf2 Ke7 37. Ke3 Rc5 38. Ke4 Kd6 39. b4 Rxc4+ 0-1

[Event "Late-Titled-Tuesday-Blitz-June-18-2024"]
[Site "Chess.com"]
[Date "2024.06.18"]
[Round "7"]
[White "ATM622"]
[Black "gabduschew"]
[Result "1-0"]
[WhiteElo "2546"]
[BlackElo "2366"]
[TimeControl "180+1"]
[EndTime "15:17:31 PDT"]
[Termination "ATM622 won by resignation"]

1. d4 Nf6 2. c4 e5 3. dxe5 Ng4 4. Nf3 Nc6 5. e4 Bc5 6. Be3 Nxe3 7. fxe3 Bxe3 8. Nc3 O-O 9. Nd5 Bh6 10. Be2 d6 11. exd6 Qxd6 12. O-O Kh8 13. Kh1 Be6 14. Rb1 Rad8 15.
Qa4 f5 16. exf5 Bxf5 17. Rbd1 Bg6 18. b4 a6 19. c5 Qe6 20. Bc4 Be4 21. Ne3 Qg6 22.
Rxd8 Rxd8 23. Qa3 Bd3 24. Bxd3 Rxd3 25. Ne5 Qe8 26. Nf7+ Kg8 27. Nxh6+ gxh6 28. Qxd3 1-0

[Event "Late-Titled-Tuesday-Blitz-June-18-2024"]
[Site "Chess.com"]
[Date "2024.06.18"]
[Round "7"]
[White "Lupul_Cenusiu"]
[Black "vesalhamedinia"]
[Result "0-1"]
[WhiteElo "2660"]
[BlackElo "2501"]
[TimeControl "180+1"]
[EndTime "15:17:32 PDT"]
[Termination "vesalhamedinia won on time"]

1. e4 c5 2. Nc3 Nc6 3. Bb5 g6 4. Bxc6 dxc6 5. f4 Bg7 6. Nf3 Nf6 7. O-O Bg4 8. d3 b5 9. Be3 c4 10. e5 Nd5 11. Nxd5 cxd5 12. h3 Bxf3 13. Qxf3 e6 14.
Bc5 Bf8 15. Bxf8 Kxf8 16. g4 Qb6+ 17. Kg2 cxd3 18. f5 gxf5 19. gxf5 Rg8+ 20. Kh1 dxc2 21. fxe6 Qxe6 22. Rac1 Rc8 23. Qe3 d4 24. Qa3+ Ke8 25. Rf3 Qg6 0-1

[Event "Late-Titled-Tuesday-Blitz-June-18-2024"]
[Site "Chess.com"]
[Date "2024.06.18"]
[Round "7"]
[White "topin8"]
[Black "ChEsper99"]
[Result "1-0"]
[WhiteElo "2531"]
[BlackElo "2265"]
[TimeControl "180+1"]
[EndTime "15:17:38 PDT"]
[Termination "topin8 won by resignation"]

1. c4 c5 2. Nc3 Nc6 3. g3 Nf6 4. Bg2 g6 5. e4 d6 6. Nge2 Bg7 7. O-O e5 8. d3 O-O 9. f4 Ne8 10. f5 f6 11. h4 a6 12. a4 Rb8 13. g4 gxf5 14. exf5 Nc7 15. Nd5 Nxd5 16. Bxd5+ Kh8 17. Nc3 Ne7 18. Be4 Bd7 19. Be3 Bc6 20. Nd5 Nxd5 21.
cxd5 Be8 22. g5 Qe7 23. g6 Bxg6 24. fxg6 f5 25. Qh5 h6 26. Bxh6 Bxh6 27. Qxh6+ Kg8 28. Rxf5 Rxf5 29. Bxf5 1-0

[Event "Late-Titled-Tuesday-Blitz-June-18-2024"]
[Site "Chess.com"]
[Date "2024.06.18"]
[Round "7"]
[White "yobdc"]
[Black "AlexOstrovskiy"]
[Result "0-1"]
[WhiteElo "2567"]
[BlackElo "2727"]
[TimeControl "180+1"]
[EndTime "15:17:40 PDT"]
[Termination "AlexOstrovskiy won by resignation"]

1. e4 d5 2. exd5 Nf6 3. c4 e6 4.
d4 exd5 5. Nc3 Bb4 6. Nf3 O-O 7. Be2 Nc6 8. h3 dxc4 9. Bxc4 Re8+ 10. Be3 Na5 11.
Be2 Nd5 12. Qd2 Qe7 13. Ne5 f6 14. Nd3 Nc4 15. Qc2 Bxc3+ 16. bxc3 Ncxe3 17. fxe3 Nxe3 18. Qd2 Bf5 19. Kf2 Nc4 20. Qd1 Qe3+ 0-1

[Event "Late-Titled-Tuesday-Blitz-June-18-2024"]
[Site "Chess.com"]
[Date "2024.06.18"]
[Round "7"]
[White "sansanathalia"]
[Black "Journey_to_GrandMaster_YT"]
[Result "0-1"]
[WhiteElo "2452"]
[BlackElo "2622"]
[TimeControl "180+1"]
[EndTime "15:17:40 PDT"]
[Termination "Journey_to_GrandMaster_YT won on time"]

1. e4 d6 2. d4 Nf6 3. Nc3 e5 4. Nf3 Nbd7 5. Bc4 Be7 6. Bxf7+ Kxf7 7. Ng5+ Kg8 8. Ne6 Qe8 9. Nxc7 Qg6 10. Qd3 Qxg2 11. Rf1 h6 12. Nxa8 exd4 13. Ne2 Ne5 14. Qb3+ Kh7 15. Nxd4 Bh3 16. Kd2 Nxe4+ 0-1